 Dungeon Crawl Stone Soup version 0.31-a0-1620-gcbf77bbcfc (webtiles) character file.

Game seed: 7665700409060069084

418 yuxiaojun the Fighter (level 6, -2/62 HPs)
             Began as a Minotaur Monk on Jan 12, 2024.
             Was a Believer of Qazlal.
             Slain by an ogre
             ... wielding a +0 giant club
              (27 damage)
             ... on level 4 of the Dungeon.
             The game lasted 00:16:52 (3532 turns).

yuxiaojun the Fighter (Minotaur Monk)               Turns: 3532, Time: 00:16:53

Health: -2/62      AC:  3    Str: 17    XL:     6   Next: 61%
Magic:  5/5        EV: 13    Int:  7    God:    Qazlal [**....]
Gold:   186        SH:  3    Dex: 13    Spells: 5/5 levels left

rFire   . . .        a - +0 falchion
rCold   . . .        d - orb {light}
rNeg    . . .        b - +0 robe
rPois   .            (helmet restricted)
rElec   .            (no cloak)
rCorr   .            (no gloves)
SInv    .            C - +0 pair of boots
Will    .....        (no amulet)
Stlth   +            (no ring)
HPRegen 0.30/turn    (no ring)
MPRegen 0.09/turn

%: no passive effects
@: glowing
A: horns 2, retaliatory headbutt
a: Renounce Religion, Upheaval


You were on level 4 of the Dungeon.
You worshipped Qazlal.
Qazlal was pleased with you.
You visited 2 branches of the dungeon, and saw 6 of its levels.

You collected 186 gold pieces.

Inventory:

Hand Weapons
 a - a +0 falchion (weapon)
 g - a +0 hand axe
 v - a +0 short sword
 y - a +3 quarterstaff
 z - a +0 spear
 A - a +0 trident
Missiles
 f - a curare-tipped dart
Armour
 b - a +0 robe (worn)
 d - an orb of light (worn)
 p - a +4 chain mail of ponderousness
 C - a +0 pair of boots (worn)
Jewellery
 B - a +6 ring of dexterity
 D - a +6 ring of dexterity
Wands
 x - a wand of flame (8)
Scrolls
 h - a scroll of noise {unknown}
 i - 3 scrolls of revelation {unknown}
 j - 4 scrolls of enchant armour {unknown}
 o - a scroll of teleportation {unknown}
 r - a scroll of fear {unknown}
 s - a scroll of fog {unknown}
 t - a scroll of brand weapon {unknown}
 u - a scroll of amnesia {unknown}
 E - a scroll of immolation {unknown}
 F - a scroll of acquirement {unknown}
 G - a scroll of poison {unknown}
Potions
 c - 2 potions of ambrosia
 e - a potion of might
 k - a potion of heal wounds
 l - a potion of curing
 n - a potion of mutation {unknown}
 w - a potion of attraction


   Skills:
 + Level 8.8 Fighting
 - Level 3.6 Long Blades
 + Level 3.8 Dodging


You had 5 spell levels left.
You didn't know any spells.
Your spell library contained the following spells:

 Spells                   Type           Power      Damage    Failure   Level
 Ensorcelled Hibernation  Hex/Ice        0%         N/A       56%         2
 Mercury Vapours          Alch/Air       0%         N/A       56%         2
 Fugue of the Fallen      Necr           0%         N/A       80%         3
 Mephitic Cloud           Conj/Alch/Air  0%         N/A       80%         3
 Anguish                  Hex/Necr       0%         N/A       99%         4
 Freezing Cloud           Conj/Ice/Air   0%         6-21      100%        5


Dungeon Overview and Level Annotations

Branches:
Dungeon (5/15)             Temple (1/1) D:4

Altars:
Ashenzari
Cheibriados
Dithmenos
Fedhas
Hepliaklqana
Kikubaaqudgha
Okawaru
Qazlal
Ru
Trog
Vehumet
Wu Jian
Xom
Zin
The Shining One

Shops:
D:3 (


Innate Abilities, Weirdness & Mutations

You have a pair of horns on your head.
You reflexively headbutt those who attack you in melee.


Message History

You open the door.
There is an open door here.
You now have 186 gold pieces (gained 10).
There is an open door here.
There is an open door here.
There is an open door here.
There is an open door here.
Done exploring.
Done exploring.
Done exploring.
As you read the scroll of identify, it crumbles to dust.
k - a potion of heal wounds
As you read the scroll of identify, it crumbles to dust.
e - a potion of might Done exploring.
There is an open door here.
There is a stone staircase leading up here.
You climb upwards.
The ogre closely misses you.
There is a stone staircase leading down here.
An ogre is nearby!
Okay, then.
The ogre attacks as it pursues you! The ogre closely misses you.
You see here a +0 quarterstaff.
Throw: 2 darts (poison)
Press: ? - help, Q - select action, (/) - cycle Shift-Dir - straight line, f - ogre
Aim: an ogre, wielding a +0 giant club (haloed, 93% to hit)
You throw a poisoned dart. The poisoned dart hits the ogre.
The ogre is poisoned.
The ogre barely misses you.
Throw: dart (poison)
Press: ? - help, Q - select action, (/) - cycle Shift-Dir - straight line, f/p - ogre
Aim: an ogre, wielding a +0 giant club (lightly wounded, poisoned, haloed, 93% to hit)
You throw a poisoned dart. The poisoned dart hits the ogre.
The ogre is lightly wounded.
The ogre attacks as it pursues you!
The ogre hits you with a +0 giant club!!!
Ouch! That really hurt!
The ogre attacks as it pursues you!
The ogre hits you with a +0 giant club!!
You die...

#.#.###########.# #.#.#
#.########### ##.#.#
###.##........# #....#
#####...........#.# ######
#....)P.P..........
#......>..........#
#.....P.P.........#
#.....()(.........#
#.@O....#....[.....
##########'#+#..#.#.>.#####
#...O......#....#.##.##
#.############.##.##.# #.#
#.##.##.# #.# #.##.##.# #.#
#.##.##.# #.# #.##.# #.#
#.. #[##.#


You could see an ogre (poisoned).

Vanquished Creatures
  2 black bears
  A hound (D:5)
  2 iguanas (D:5)
  3 adders
  A shadow imp (D:5)
  A white imp (D:5)
  2 dart slugs (D:2)
  4 ribbon worms
  10 orcs
  4 ball pythons
  9 endoplasms
  3 giant cockroaches
  8 goblins
  7 hobgoblins
  5 jackals
  A quokka (D:1)
  6 bats
  7 frilled lizards
  2 kobolds
  5 rats
83 creatures vanquished.

Notes
Turn   | Place    | Note
-------+----------+-------------------------------------------
     0 | D:1      | yuxiaojun the Minotaur Monk began the quest for the Orb.
     0 | D:1      | Reached XP level 1. HP: 19/19 MP: 0/0
    96 | D:1      | Reached skill level 4 in Fighting
   111 | D:1      | Reached XP level 2. HP: 20/28 MP: 1/1
   416 | D:1      | Reached skill level 5 in Fighting
   564 | D:2      | Reached XP level 3. HP: 27/36 MP: 2/2
  1402 | D:2      | Reached XP level 4. HP: 44/44 MP: 3/3
  1501 | D:3      | Found a stormy altar of Qazlal.
  1503 | D:3      | Noticed a black bear
  1516 | D:3      | Killed a black bear
  1517 | D:3      | Reached skill level 7 in Fighting
  1517 | D:3      | Reached XP level 5. HP: 52/52 MP: 4/4
  1565 | D:3      | Became a worshipper of Qazlal Stormbringer
  1565 | D:3      | Reached * piety under Qazlal
  1565 | D:3      | Reached ** piety under Qazlal
  1894 | D:3      | Found Uxuafakk's Weapon Shoppe.
  2366 | D:4      | Identified the +2 scale mail of Poor Excuses {rElec Will+
                  | Dex-4}
  2393 | D:4      | Found a staircase to the Ecumenical Temple.
  2425 | D:4      | Noticed an ogre
  2447 | Temple   | Entered the Ecumenical Temple
  2620 | D:5      | Entered Level 5 of the Dungeon
  2665 | D:5      | Noticed a black bear
  2676 | D:5      | Killed a black bear
  2677 | D:5      | Reached skill level 8 in Fighting
  2677 | D:5      | Reached XP level 6. HP: 50/62 MP: 5/5
  3532 | D:4      | Slain by an ogre

Illustrated notes

Levels and vault maps discovered:
D:1:      minmay_arrival_doors, layout_basic
D:2:      layout_basic
D:3:      layout_basic, nicolae_qazlal_scattered_showers, serial_shops,
          nicolae_shop_tiny_real_fake_doors
D:4:      layout_basic, minmay_temple_entry_trees, serial_corexii_hall,
          corexii_hall_statues_deadend, corexii_hall_statues_i,
          kennysheep_orc_chapel
D:5:      layout_gridville
Temple:   dpeg_chambers_temple

Skill      XL: |  1  2  3  4  5 |
---------------+----------------+-----
Fighting       | 4 5 7 8 |  8.8
Long Blades    | |  3.6
Dodging        | |  3.8

Action                     |  1- 3 |  4- 6 || total
---------------------------+-------+-------++-------
  Melee: Falchion          |    75 |    82 ||   157
         Headbutt          |    12 |    18 ||    30
  Throw: Dart              |     1 |    13 ||    14
  Evoke: Wand              |       |     1 ||     1
    Use: Scroll            |       |     4 ||     4
         Potion            |       |     1 ||     1
 Armour: Robe              |    35 |    25 ||    60
         Chain mail        |     9 |    44 ||    53
  Dodge: Dodged            |    45 |    61 ||   106

Table legend: (Time is in decaauts)
 A = Elapsed time spent in this place.
 B = Non-inter-level travel time spent in this place.
 C = Inter-level travel time spent in this place.
 D = Time resting spent in this place.
 E = Time spent auto-exploring this place.
 F = Levels seen in this place.
 G = Mean time per level.
                   A        B        C        D        E       F      G
               +--------+--------+--------+--------+--------+-----+--------+
         Total |   3691 |   3594 |     97 |    107 |   2505 |   6 |  615.2 |
       Dungeon |   3575 |   3478 |     97 |     93 |   2505 |   5 |  715.0 |
        Temple |    116 |    116 |      0 |     14 |      0 |   1 |  116.0 |
               +--------+--------+--------+--------+--------+-----+--------+

Top non-repeatable levels by time:
     D:2: 933 daAuts
     D:3: 909 daAuts
     D:5: 904 daAuts
     D:1: 635 daAuts
     D:4: 192 daAuts
  Temple: 116 daAuts
